 Dungeon Crawl Stone Soup version 0.31.0-11-ge490571c62 (webtiles) character file.

Game seed: 12845610181850796642

227641 SnakkuSnakku7 the Brawler (level 19, -6/185 HPs)
             Began as a Ghoul Summoner on Jan 26, 2024.
             Was a Follower of Uskayaw.
             Mangled by a vampire knight
             ... wielding a +0 great mace
              (26 damage)
             ... on level 3 of the Depths.
             The game lasted 00:53:42 (36228 turns).

SnakkuSnakku7 the Brawler (Ghoul Summoner)         Turns: 36228, Time: 00:53:42

Health: -6/185     AC: 42    Str: 20    XL:     19   Next: 78%
Magic:  24/30      EV:  9    Int: 14    God:    Uskayaw [*.....]
Gold:   1577       SH:  7    Dex:  9    Spells: 21/21 levels left

rFire   + .          .
                       - Unarmed
rCold   + . .        N - +2 buckler {AC+3}
rNeg    + + +        J - +9 plate armour of Tenacity {rElec}
rPois   ∞            Q - +2 helmet {SInv}
rElec   +            e - +0 cloak
rCorr   .            L - +2 pair of gloves
SInv    +            j - +0 pair of boots
Will    ++...        P - amulet of faith Stlth
                     s - ring "Buvynueb" {rF+ AC+4 Stlth+}
HPRegen 0.00/turn    I - ring of willpower
MPRegen 0.22/turn

%: faith
@: inhibited regen
A: claws 1, cold resistance 1, negative energy resistance 3, inhibited
regeneration, torment resistance 2, devour on kill
a: Renounce Religion, Stomp


You were on level 3 of the Depths.
You worshipped Uskayaw.
Uskayaw was pleased with you.
You visited 5 branches of the dungeon, and saw 28 of its levels.
You visited the Abyss 1 time.
You also visited: Ossuary and Volcano.

You collected 3957 gold pieces.
You spent 2380 gold pieces at shops.

Inventory:

Armour
 e - a +0 cloak (worn)
 j - a +0 pair of boots (worn)
 J - the +9 plate armour of Tenacity (worn) {rElec}
   (You found it on level 6 of the Dungeon)

   rElec:     It insulates you from electricity.
 L - a +2 pair of gloves (worn)
 N - a +2 buckler of protection (worn)
 Q - a +2 helmet of see invisible (worn)
Jewellery
 s - the ring "Buvynueb" (left hand) {rF+ AC+4 Stlth+}
   (You bought it in a shop on level 2 of the Orcish Mines)

   [ring of protection]

   AC+4:      It affects your AC (+4).
   rF+:       It protects you from fire.
   Stlth+:    It makes you more stealthy.
 C - a ring of willpower
 G - a ring of protection from cold
 I - a ring of willpower (right hand)
 P - an amulet of faith (around neck)
 R - the amulet "Imezy" {Harm ^Fragile rF+ Regen+ Int+3}
   (You bought it in a shop on level 2 of the Orcish Mines)

   [amulet of regeneration]

   Int+3:     It affects your intelligence (+3).
   rF+:       It protects you from fire.
   Regen+:    It increases your rate of health regeneration.
   ^Fragile:  It will be destroyed if unequipped.
   Harm:      It increases damage dealt and taken.
 T - a ring of willpower
 U - the ring "Witso" {Fly rElec}
   (You took it off a deep elf demonologist on level 3 of the Elven Halls)

   [ring of flight]

   rElec:     It insulates you from electricity.
   Fly:       It grants you flight.
Wands
 a - a wand of digging (3)
 f - a wand of quicksilver (4)
 k - a wand of flame (24)
 r - a wand of paralysis (47)
 w - a wand of mindburst (15)
 z - a wand of roots (34)
 A - a wand of polymorph (17)
Scrolls
 c - 3 scrolls of immolation
 h - 20 scrolls of teleportation
 l - 4 scrolls of summoning
 m - 4 scrolls of blinking
 o - 5 scrolls of fog
 p - a scroll of torment
 t - 4 scrolls of poison
 u - 2 scrolls of silence
 v - 2 scrolls of fear
 y - 3 scrolls of revelation
 B - 16 scrolls of identify
 H - 6 scrolls of vulnerability
 O - a scroll of enchant armour
Potions
 b - 2 potions of magic
 d - a potion of cancellation
 g - 5 potions of brilliance
 i - 5 potions of curing
 n - 11 potions of attraction
 q - a potion of ambrosia
 x - 8 potions of haste
 D - a potion of resistance
 E - 5 potions of enlightenment
 F - 2 potions of invisibility
Miscellaneous
 K - a lightning rod (4/4)
 M - a sack of spiders


   Skills:
 - Level 20.0 Fighting
 + Level 13.8 Armour
 - Level 10.0 Dodging
 - Level 2.1 Stealth
 - Level 8.4 Shields
 - Level 20.0 Unarmed Combat
 - Level 1.7 Spellcasting
 - Level 3.6 Summonings
 - Level 15.0 Invocations


You had 21 spell levels left.
You didn't know any spells.
Your spell library contained the following spells:

 Spells                   Type           Power      Damage    Failure   Level
 Summon Small Mammal      Summ           44%        N/A       63%         1
 Call Imp                 Summ           22%        N/A       77%         2
 Call Canine Familiar     Summ           11%        N/A       94%         3
 Foxfire                  Conj/Fire      4%         2x1d4     98%         1
 Kiss of Death            Conj/Necr      4%         2d5       98%         1
 Magic Dart               Conj           4%         1d3       98%         1
 Sandblast                Erth           2%         2d4       98%         1
 Shock                    Conj/Air       4%         1d3       98%         1
 Slow                     Hex            4%         N/A       98%         1
 Sting                    Conj/Alch      4%         1d3       98%         1
 Blink                    Tloc           2%         N/A       99%         2
 Cigotuvi's Dreadful Rot  Necr/Alch/Air  2%         N/A       99%         2
 Ensorcelled Hibernation  Hex/Ice        2%         N/A       99%         2
 Lesser Beckoning         Tloc           2%         N/A       99%         2
 Mercury Vapours          Alch/Air       2%         N/A       99%         2
 Searing Ray              Conj           2%         2d4       99%         2
 Confusing Touch          Hex            1%         N/A       100%        3
 Dazzling Flash           Conj/Hex       2%         N/A       100%        3
 Frozen Ramparts          Ice            2%         1d1       100%        3
 Fugue of the Fallen      Necr           1%         N/A       100%        3
 Gell's Gravitas          Tloc           1%         N/A       100%        3
 Inner Flame              Hex/Fire       1%         N/A       100%        3
 Mephitic Cloud           Conj/Alch/Air  1%         N/A       100%        3
 Ozocubu's Armour         Ice            1%         N/A       100%        3
 Passwall                 Erth           1%         N/A       100%        3
 Stone Arrow              Conj/Erth      2%         3d7       100%        3
 Swiftness                Air            1%         N/A       100%        3
 Teleport Other           Tloc           1%         N/A       100%        3
 Volatile Blastmotes      Fire/Tloc      2%         2d10      100%        3
 Animate Dead             Necr           1%         N/A       100%        4
 Brom's Barrelling Bould  Conj/Erth      1%         2d3       100%        4
 Dispel Undead            Necr           1%         3d6       100%        4
 Flame Wave               Conj/Fire      1%         2d4       100%        4
 Leda's Liquefaction      Alch/Erth      0%         N/A       100%        4
 Manifold Assault         Tloc           1%         N/A       100%        4
 Martyr's Knell           Necr/Summ      6%         N/A       100%        4
 Olgreb's Toxic Radiance  Alch           1%         N/A       100%        4
 Passage of Golubria      Tloc           1%         N/A       100%        4
 Petrify                  Alch/Erth      1%         N/A       100%        4
 Sticky Flame             Fire/Alch      1%         2d4       100%        4
 Summon Blazeheart Golem  Fire/Summ      6%         N/A       100%        4
 Summon Lightning Spire   Summ/Air       6%         N/A       100%        4
 Vhi's Electric Charge    Tloc/Air       2%         N/A       100%        4
 Arcjolt                  Conj/Air       0%         1d10      100%        5
 Borgnjor's Vile Clutch   Necr/Erth      0%         N/A       100%        5
 Fireball                 Conj/Fire      0%         3d3       100%        5
 Freezing Cloud           Conj/Ice/Air   0%         6-21      100%        5
 Irradiate                Conj/Alch      0%         3d11      100%        5
 Iskenderun's Battlesphe  Conj           1%         2d6       100%        5
 Metabolic Englaciation   Hex/Ice        0%         N/A       100%        5
 Silence                  Hex/Air        0%         N/A       100%        5
 Yara's Violent Unravell  Hex/Alch       0%         3d3       100%        5
 Bombard                  Conj/Erth      0%         9d1       100%        6
 Conjure Ball Lightning   Conj/Air       0%         3x3d6     100%        6
 Death Channel            Necr           0%         N/A       100%        6
 Sculpt Simulacrum        Ice/Alch       0%         N/A       100%        6
 Starburst                Conj/Fire      0%         6d3       100%        6
 Orb of Destruction       Conj           0%         9d5       100%        7
 Ozocubu's Refrigeration  Ice            0%         4d7       100%        7
 Spellforged Servitor     Conj/Summ      3%         N/A       100%        7
 Ignition                 Fire           0%         3d3       100%        8
 Lehudib's Crystal Spear  Conj/Erth      0%         10d2      100%        8
 Maxwell's Capacitive Co  Air            0%         ∞         100%        8
 Chain Lightning          Conj/Air       0%         2d1       100%        9
 Fire Storm               Conj/Fire      0%         6d1       100%        9
 Polar Vortex             Ice            0%         N/A       100%        9


Dungeon Overview and Level Annotations

Branches:
Dungeon (15/15)            Temple (0/1) D:6            Lair (5/5) D:9
 Shoals (0/4) Lair:2        Snake (0/4) Lair:2        Slime (0/5) Lair:5
    Orc (2/2) D:12            Elf (3/3) Orc:2        Vaults (0/5) D:13
 Depths (3/4) D:15        Ossuary (visited)         Volcano (visited)

Altars:
Ashenzari
Cheibriados
Dithmenos
Fedhas
Gozag
Hepliaklqana
Kikubaaqudgha
Nemelex Xobeh
Okawaru
Ru
Sif Muna
Uskayaw
Vehumet

Shops:
D:3 (   D:5 [   D:13 [   Orc:2 (=*[(   Elf:1 :**(?   Depths:1 (

Portals:
Hell: Depths:1 Depths:2
Pandemonium: Depths:2
Ziggurat: Depths:2
Trove: D:10 (give 3 potions of resistance)

Annotations:
Lair:4 1 runed translucent door, Caclecre's ghost, journeyman DsGl
Elf:2 3 runed translucent doors
Depths:2 exclusion: 2 doors


Innate Abilities, Weirdness & Mutations

You are immune to poison.
You have sharp fingernails.
Your flesh is cold resistant. (rC+)
You are immune to negative energy. (rN+++)
You do not regenerate when monsters are visible.
You are immune to unholy pain and torment.
You thrive by killing the living.


Message History

You block the vampire knight's attack. x2
The green very ugly thing engulfs you.
* * * LOW HITPOINT WARNING * * *
Unknown command.
Okay, then.
As you read the scroll of fear, it crumbles to dust.
You assume a fearsome visage.
The deep troll earth mage looks frightened!
The green very ugly thing looks frightened!
The ice dragon looks frightened!
The green very ugly thing looks frightened!
The iron dragon resists with almost no effort. x2
The vampire knight is unaffected.
The stone giant looks frightened!
The vampire knight hits you but does no damage.
The vampire knight barely misses you.
The vampire knight hits you with a +0 great mace!
* * * LOW HITPOINT WARNING * * *
The vampire knight barely misses you.
Unknown command.
You hit the vampire knight but do no damage.
The vampire knight is lightly damaged.
The vampire knight hits you with a +0 great mace!!
* * * LOW HITPOINT WARNING * * *
The vampire knight bites you but does no damage.
Unknown command.
Unknown command.
You barely miss the vampire knight.
The vampire knight is lightly damaged.
The vampire knight hits you with a +0 great mace!
* * * LOW HITPOINT WARNING * * *
You block the vampire knight's attack.
Unknown command.
Okay, then.
Blink to where?
Press: ? - help, Dir - move target
As you read the scroll of blinking, it crumbles to dust.
You feel better.
You feel better.
The vampire knight hits you with a +0 great mace!!
You die...

## ♣♣.♣ #♣...♣#
♣ #.....# .♣ ♣
#.....# ♣. .♣
#.....# ♣T♣ .♣♣
♣♣@##♣u♣## !..♣#
♣V♣#..>..#u~~~.#
♣♣)'.V8C.'D~D~..
♣.♣#D.<§.#.~~~.#
♣♣)##♣+♣## ...♣#
#.....# .♣♣
#..V..# .♣
#.....# ♣
#♣...♣#


You could see a vampire knight (fast, invisible).

Vanquished Creatures
  2 juggernauts (Depths:2)
  A caustic shrike (Depths:2)
  Norris (Elf:2)
  Rupert (D:15)
  4 tentacled monstrosities
  Asterion (Depths:2)
  A walking earthen tome (Depths:2)
  3 liches
  3 sphinxes (Depths:2)
  A quicksilver dragon (Depths:2)
  5 deep elf master archers (Elf:3)
  4 deep elf blademasters (Elf:3)
  Kirke (Lair:3)
  A storm dragon (Depths:2)
  7 fire giants (Depths:2)
  2 frost giants (Depths:2)
  5 deep elf sorcerers
  An iron dragon (Depths:2)
  2 orc warlords
  A deep elf elementalist (Elf:3)
  A spriggan defender (Depths:2)
  13 stone giants
  11 very ugly things
  3 deep elf demonologists (Elf:3)
  2 vampire knights
  8 deep elf annihilators
  A red draconian (Volcano)
  Azrael (Elf:1)
  4 deep elf death magi (Elf:3)
  A spark wasp (Depths:2)
  Josephine (Orc:2)
  3 ettins
  A great orb of eyes (Depths:1)
  2 deep elf high priests (Elf:3)
  9 fire dragons
  2 rakshasas
  5 ice dragons (Depths:2)
  4 hydras
  Fannar (D:12)
  A salamander tyrant (D:15)
  A centaur warrior (D:14)
  4 spriggan air magi
  6 boulder beetles
  14 dancing weapons
  4 two-headed ogres
  5 deep troll shamans
  2 deep troll earth magi
  4 orc high priests (Orc:2)
  3 thrashing horrors (Abyss:4)
  6 tengu warriors
  A vampire mage (D:15)
  6 spriggan berserkers
  5 sun demons (Depths:1)
  7 hell knights (Depths:2)
  An iron troll (D:15)
  9 skysharks
  9 deep elf knights
  2 skeletal warriors (D:15)
  4 large abominations (Abyss:4)
  2 salamander mystics
  A spark wasp zombie (D:15)
  6 deep trolls (D:15)
  2 glowing orange brains
  A sun moth (shapeshifter) (Depths:2)
  An arcanist (D:13)
  Pikel (D:4)
  5 deep elf archers (Elf:3)
  4 orc knights
  16 deep elf pyromancers
  3 necromancers
  A starcursed mass (Abyss:4)
  A swamp dragon (Lair:5)
  15 deep elf zephyrmancers
  An oklob plant (D:15)
  2 wolf spiders
  27 ugly things
  6 cyclopes
  A manticore (D:10)
  6 orc sorcerers
  3 meliai (D:13)
  2 shining eyes (Depths:1)
  9 elephants (Lair:5)
  7 salamanders
  2 kobold blastminers
  9 black mambas
  2 guardian serpents
  A molten gargoyle (Volcano)
  16 cane toads
  2 torpor snails
  2 unseen horrors
  3 gargoyles
  A hellion (Depths:1)
  2 kobold demonologists
  A freezing wraith (D:13)
  7 komodo dragons
  A tengu conjurer (Depths:2)
  2 ancient zymes (Abyss:4)
  2 efreet
  3 rime drakes
  A troll (shapeshifter) (D:14)
  9 trolls
  5 polar bears
  3 hornets
  Grinder (D:3)
  11 blink frogs
  5 raiju (Abyss:4)
  A dream sheep (shapeshifter) (Depths:2)
  2 spriggan zombies (D:15)
  7 slime creatures
  10 water elementals
  7 spriggans
  8 air elementals (Depths:1)
  45 yaks
  A ynoxinul (Abyss:4)
  3 shadows
  7 wraiths
  15 wyverns
  A vampire (D:12)
  3 fire elementals
  4 wargs
  A golden eye (shapeshifter) (D:15)
  3 steam dragons
  A human (shapeshifter) (Elf:1)
  2 redbacks (Lair:5)
  6 basilisks
  A chaos spawn (Abyss:4)
  2 vampire mosquitoes (D:10)
  6 acid dragons
  25 water moccasins
  4 hell hounds (Elf:1)
  3 black bears
  2 swamp drakes (Lair:5)
  30 orc warriors
  2 laughing skulls (D:15)
  4 ogres
  A crocodile (shapeshifter) (Elf:1)
  A small abomination (Abyss:4)
  27 wolves
  An elephant zombie (Lair:4)
  A sky beast (D:8)
  10 centaurs
  3 lemures (D:4)
  2 kobold brigands
  13 bullfrogs
  A bullfrog (shapeshifter) (D:15)
  2 elf zombies (Ossuary)
  A komodo dragon zombie (Lair:4)
  A gnoll sergeant (D:9)
  2 scorpions
  7 earth elementals
  20 wights
  2 killer bees (D:9)
  5 howler monkeys
  7 electric eels
  A basilisk zombie (Lair:4)
  5 lava snakes (Volcano)
  6 hounds
  2 human zombies (Ossuary)
  2 bombardier beetles
  15 jellies
  19 orc priests
  7 iguanas
  19 orc wizards
  3 hound zombies
  5 mummies
  15 gnolls
  10 adders
  A shadow imp (D:7)
  2 white imps
  An adder zombie (Ossuary)
  2 dart slugs (D:1)
  3 ribbon worms
  65 orcs
  4 endoplasms
  3 giant cockroaches
  12 goblins
  5 hobgoblins
  4 jackals (D:1)
  15 kobolds
  A quokka (D:4)
  6 ball pythons
  2 bats
  4 frilled lizards
  A gnoll zombie (Ossuary)
  2 hobgoblin zombies
  2 jackal zombies (Ossuary)
  3 kobold zombies
  An orc zombie (D:6)
  5 rats
  A rat zombie (Ossuary)
  A spectral orc (D:7)
996 creatures vanquished.

Vanquished Creatures (others)
  A fire giant (Depths:2)
  A dancing weapon (Elf:1)
  3 lightning spires (Depths:1)
  A quokka (D:8)
6 creatures vanquished.

Grand Total: 1002 creatures vanquished

Notes
Turn   | Place    | Note
-------+----------+-------------------------------------------
     0 | D:1      | SnakkuSnakku7 the Ghoul Summoner began the quest for the
                  | Orb.
     0 | D:1      | Reached XP level 1. HP: 14/14 MP: 3/3
   225 | D:1      | Reached skill level 1 in Fighting
   225 | D:1      | Reached skill level 1 in Unarmed Combat
   225 | D:1      | Reached XP level 2. HP: 17/23 MP: 4/4
   478 | D:1      | Reached XP level 3. HP: 29/29 MP: 5/5
  1055 | D:3      | Found a faded altar of an unknown god.
  1089 | D:3      | Found a sparkling altar of Nemelex Xobeh.
  1211 | D:3      | Reached XP level 4. HP: 37/37 MP: 6/6
  1309 | D:3      | Noticed Grinder
  1316 | D:3      | Paralysed by Grinder for 3 turns
  1463 | D:3      | Killed Grinder
  1464 | D:3      | Reached XP level 5. HP: 47/47 MP: 7/7
  1464 | D:3      | Reached XP level 6. HP: 53/53 MP: 8/8
  1481 | D:3      | Found Owiss's Antique Weapon Shoppe.
  1767 | D:3      | Found a shadowy altar of Dithmenos.
  2027 | D:4      | Reached skill level 5 in Fighting
  2038 | D:4      | Found a sand-covered staircase.
  2044 | Ossuary  | Entered an ossuary
  2061 | Ossuary  | Reached skill level 5 in Unarmed Combat
  2100 | Ossuary  | Reached XP level 7. HP: 25/61 MP: 9/9
  2796 | D:4      | Found a hide-covered altar of Uskayaw.
  2838 | D:4      | Became a worshipper of Uskayaw the Reveller
  2846 | D:4      | Reached XP level 8. HP: 64/68 MP: 10/10
  2847 | D:4      | Reached * piety under Uskayaw
  2849 | D:4      | Reached ** piety under Uskayaw
  2852 | D:4      | Reached *** piety under Uskayaw
  2865 | D:4      | Found an opulent altar of Gozag.
  3041 | D:4      | Noticed Pikel
  3076 | D:4      | Reached **** piety under Uskayaw
  3079 | D:4      | Killed Pikel
  3080 | D:4      | Reached skill level 10 in Unarmed Combat
  3367 | D:5      | Entered Level 5 of the Dungeon
  3617 | D:5      | Found Azxin's Antique Armour Emporium.
  3625 | D:5      | Bought a helmet for 144 gold pieces
  3645 | D:5      | Found a snail-covered altar of Cheibriados.
  3741 | D:5      | Reached XP level 9. HP: 74/74 MP: 11/11
  3780 | D:5      | Identified the +0 robe of Eceorih {-Tele rElec Int+3}
  4138 | D:6      | Found a staircase to the Ecumenical Temple.
  4852 | D:6      | Reached ***** piety under Uskayaw
  4967 | D:6      | Noticed a cyclops
  4983 | D:6      | Killed a cyclops
  5217 | D:6      | Identified the +9 plate armour of Tenacity {rElec}
  5348 | D:7      | Reached XP level 10. HP: 72/81 MP: 12/12
  5361 | D:7      | Reached ****** piety under Uskayaw
  5626 | D:7      | Reached skill level 15 in Unarmed Combat
  5847 | D:7      | Found a broken altar of Ashenzari.
  6050 | D:7      | Found a hazy altar of Hepliaklqana.
  6161 | D:8      | Found a radiant altar of Vehumet.
  6407 | D:8      | Reached skill level 5 in Invocations
  7143 | D:9      | Noticed a two-headed ogre
  7227 | D:9      | Reached XP level 11. HP: 47/86 MP: 16/16
  7282 | D:9      | Killed a two-headed ogre
  7441 | D:9      | Found a staircase to the Lair.
  7610 | D:9      | Reached skill level 10 in Invocations
  7620 | D:9      | Reached skill level 1 in Armour
  7723 | D:9      | Noticed a two-headed ogre
  7737 | D:9      | Killed a two-headed ogre
  7906 | D:9      | Found a blossoming altar of Fedhas.
  7931 | D:9      | Found an ancient bone altar of Kikubaaqudgha.
  8195 | D:9      | Found a shimmering blue altar of Sif Muna.
  8246 | D:9      | Found a sacrificial altar of Ru.
  8511 | D:10     | Entered Level 10 of the Dungeon
  8524 | D:10     | Noticed a manticore
  8536 | D:10     | Killed a manticore
  8537 | D:10     | Reached skill level 5 in Armour
  8541 | D:10     | Found a portal to a secret trove of treasure.
  8677 | D:10     | Found an iron altar of Okawaru.
  9368 | Lair:1   | Entered Level 1 of the Lair of Beasts
  9677 | Lair:1   | Reached XP level 12. HP: 92/94 MP: 19/19
  9981 | Lair:1   | Identified the +6 flail "Dinor" {chaos, Str+3}
 10952 | Lair:2   | Noticed an eight-headed hydra
 10956 | Lair:2   | Killed an eight-headed hydra
 11100 | Lair:2   | Reached skill level 10 in Armour
 11197 | Lair:2   | Noticed a skyshark
 11207 | Lair:2   | Killed a skyshark
 11523 | Lair:2   | Found a staircase to the Shoals.
 11589 | Lair:2   | Found a staircase to the Snake Pit.
 12078 | Lair:3   | Noticed a skyshark
 12089 | Lair:3   | Killed a skyshark
 12099 | Lair:3   | Noticed a skyshark
 12108 | Lair:3   | Killed a skyshark
 12113 | Lair:3   | Reached XP level 13. HP: 101/111 MP: 20/20
 12151 | Lair:3   | Reached skill level 10 in Fighting
 12256 | Lair:3   | Noticed Kirke
 12269 | Lair:3   | Noticed a sphinx
 12273 | Lair:3   | Killed Kirke
 12355 | Lair:3   | Reached skill level 5 in Dodging
 13320 | Lair:4   | Found a runed translucent door.
 13326 | Lair:4   | Noticed Caclecre's ghost (journeyman DsGl)
 13781 | Lair:5   | Entered Level 5 of the Lair of Beasts
 13937 | Lair:5   | Found a staircase to the Slime Pits.
 13990 | Lair:5   | Got the Anthology of Ensorcelling
 14272 | Lair:5   | Reached XP level 14. HP: 62/121 MP: 21/21
 14505 | Lair:5   | Reached skill level 10 in Dodging
 16296 | D:11     | Reached skill level 1 in Shields
 16821 | D:12     | Noticed Fannar
 16831 | D:12     | Killed Fannar
 17063 | D:12     | Found a staircase to the Orcish Mines.
 17487 | Orc:1    | Entered Level 1 of the Orcish Mines
 17501 | Orc:1    | Noticed an orc warlord
 17517 | Orc:1    | Reached skill level 5 in Shields
 17533 | Orc:1    | Killed an orc warlord
 17545 | Orc:1    | Reached XP level 15. HP: 30/126 MP: 14/22
 17726 | Orc:1    | Found a dark tunnel.
 17759 | Volcano  | Entered a volcano
 17916 | Volcano  | Found a radiant altar of Vehumet.
 18466 | Orc:2    | Entered Level 2 of the Orcish Mines
 18466 | Orc:2    | Found a staircase to the Elven Halls.
 18689 | Orc:2    | Noticed Josephine
 18735 | Orc:2    | Killed Josephine
 19090 | Orc:2    | Noticed an orc warlord
 19144 | Orc:2    | Killed an orc warlord
 19314 | Orc:2    | Paralysed by an orc sorcerer for 3 turns
 19401 | Orc:2    | Found Joxtog's Weapon Shop.
 19564 | Orc:2    | Found Lesim's Antique Armour Emporium.
 19565 | Orc:2    | Found Ydost's Antique Weapon Emporium.
 19567 | Orc:2    | Found Sothehei's General Store.
 19567 | Orc:2    | Found Xiosis's Jewellery Shoppe.
 19583 | Orc:2    | Bought the ring "Buvynueb" {rF+ AC+4 Stlth+} for 950 gold
                  | pieces
 19584 | Orc:2    | Bought a scroll of teleportation for 51 gold pieces
 19584 | Orc:2    | Bought a scroll of blinking for 127 gold pieces
 19585 | Orc:2    | Bought the amulet "Imezy" {Harm ^Fragile rF+ Regen+ Int+3}
                  | for 804 gold pieces
 19711 | D:13     | Found Ukhid's Armour Boutique.
 19754 | D:13     | Found an ancient bone altar of Kikubaaqudgha.
 20302 | D:13     | Found a gate to the Vaults.
 20302 | D:13     | Found the Hermit's Pendant {Faith Invo=14 Evo=0 MP+5}
 21221 | D:15     | Entered Level 15 of the Dungeon
 21235 | D:15     | Identified the +1 sling "Isoump" {elec, Str+2 Int-5 Dex+2}
 21282 | D:15     | Found a staircase to the Depths.
 21766 | D:15     | Reached XP level 16. HP: 136/136 MP: 23/23
 21864 | D:15     | Identified the +5 sling of Bile {freeze, ^Drain +Blink
                  | Int+2 SInv}
 21981 | D:15     | Found a blossoming altar of Fedhas.
 22100 | D:15     | Noticed Rupert
 22115 | D:15     | Killed Rupert
 22636 | Elf:1    | Entered Level 1 of the Elven Halls
 22644 | Elf:1    | Noticed Azrael
 22671 | Elf:1    | Killed Azrael
 22954 | Elf:1    | Found Roelowk's Magic Scroll Emporium.
 22963 | Elf:1    | Bought a scroll of fear for 48 gold pieces
 22963 | Elf:1    | Bought a scroll of blinking for 90 gold pieces
 22963 | Elf:1    | Bought a scroll of blinking for 90 gold pieces
 22963 | Elf:1    | Bought a scroll of teleportation for 36 gold pieces
 23429 | Elf:1    | Found Duawno's Book Shoppe.
 23474 | Elf:1    | Got the Anthology of Bolts
 23722 | Elf:1    | Found Xuesuhis's General Store.
 23759 | Elf:1    | Found Eruexah's Antique Weapon Shop.
 23864 | Elf:1    | Found a transporter.
 23866 | Elf:1    | Found Ytet's General Store.
 23970 | Elf:1    | Found a transporter.
 24013 | Elf:1    | Bought a scroll of fear for 40 gold pieces
 24120 | Elf:2    | Noticed Norris
 24270 | Elf:2    | Identified the +3 leather armour "Boat Seu" {Rampage *Slow
                  | +Blink Will+}
 24523 | Elf:2    | Found a shimmering blue altar of Sif Muna.
 24582 | Elf:2    | Killed Norris
 24621 | Elf:2    | Reached skill level 15 in Fighting
 24824 | Elf:2    | Found a runed translucent gate.
 24824 | Elf:2    | Found a runed translucent gate.
 24825 | Elf:2    | Found a runed translucent gate.
 24926 | Elf:3    | Entered Level 3 of the Elven Halls
 25107 | Elf:3    | Noticed a Tzitzimitl
 25108 | Elf:3    | Noticed a Hell Sentinel
 25110 | Abyss:4  | Cast into level 4 of the Abyss (a deep elf sorcerer)
 25164 | Abyss:4  | Reached XP level 17. HP: 110/158 MP: 24/24
 25304 | Abyss:4  | Noticed a hellephant
 25385 | Abyss:4  | Noticed a lich
 25392 | Abyss:4  | Killed a lich
 25403 | Abyss:4  | Found a corrupted altar of Lugonu.
 25478 | Elf:3    | Escaped the Abyss
 26215 | Elf:3    | Noticed a deep elf blademaster
 26224 | Elf:3    | Noticed a deep elf blademaster
 26230 | Elf:3    | Killed a deep elf blademaster
 26252 | Elf:3    | Killed a deep elf blademaster
 26254 | Elf:3    | Killed a ghostly deep elf blademaster
 26746 | Elf:3    | Identified the +6 hand axe of Context {elec, Str+3}
 26804 | Elf:3    | Noticed a deep elf master archer
 27109 | Elf:3    | Killed a deep elf master archer
 27350 | Elf:3    | Noticed a deep elf blademaster
 27357 | Elf:3    | Noticed a deep elf master archer
 27365 | Elf:3    | Killed a deep elf blademaster
 27379 | Elf:3    | Killed a deep elf master archer
 27594 | Elf:3    | Noticed a deep elf master archer
 27615 | Elf:3    | Killed a deep elf master archer
 28044 | Elf:3    | Noticed a deep elf blademaster
 28044 | Elf:3    | Noticed a deep elf master archer
 28064 | Elf:3    | Killed a deep elf blademaster
 28088 | Elf:3    | Killed a deep elf master archer
 28297 | Elf:3    | Noticed a deep elf master archer
 28309 | Elf:3    | Killed a deep elf master archer
 28420 | Elf:3    | Identified the ring "Witso" {Fly rElec}
 28540 | Elf:3    | Identified the +10 broad axe of the Hurtling Gods {flame,
                  | Dex+5}
 28587 | Elf:3    | Identified the +4 great mace "Ajyseps" {freeze, *Noise
                  | Int+6 SInv}
 28605 | Elf:3    | Got the Anthology of Pathos
 28609 | Elf:3    | Identified the +0 chain mail "Zummejai" {^Drain rF+ Will++
                  | Dex+3}
 28619 | Elf:3    | Identified the +8 orcbow "Mietuaho" {flame, rElec rF- rC+
                  | rN+++}
 28657 | Elf:3    | Got the Annotations on Green Gusts
 28904 | Depths:1 | Entered Level 1 of the Depths
 29508 | D:15     | Reached XP level 18. HP: 148/178 MP: 25/25
 30176 | Depths:1 | Found a gateway to Hell.
 30915 | Depths:1 | Identified the +4 glaive "Killer Klown's Regret" {holy,
                  | Str+3}
 30925 | Depths:1 | Found a runed translucent door.
 30992 | Depths:1 | Found Uschus's Weapon Boutique.
 31116 | Depths:1 | Paralysed by an air elemental for 1 turns
 31119 | Depths:1 | Paralysed by an air elemental for 1 turns
 31126 | Depths:1 | Paralysed by an air elemental for 1 turns
 31130 | Depths:1 | Paralysed by an air elemental for 1 turns
 31142 | Depths:1 | Paralysed by an air elemental for 1 turns
 31811 | Depths:2 | Found a shimmering blue altar of Sif Muna.
 31817 | Depths:2 | Found a one-way gate leading to the halls of Pandemonium.
 31852 | Depths:2 | Found a one-way gateway to a ziggurat.
 31880 | Depths:2 | HP: 7/178 [hell knight/+1 long sword of flaming (19)]
 31880 | Depths:2 | HP: 3/178 [hell knight/+1 long sword of flaming (4)]
 32384 | Depths:2 | Noticed a lich
 32386 | Depths:2 | Noticed Asterion
 32403 | Depths:2 | Killed a lich
 32407 | Depths:2 | Killed Asterion
 32669 | Depths:2 | Reached skill level 15 in Invocations
 32800 | Depths:2 | Found a radiant altar of Vehumet.
 32801 | Depths:2 | Found a sparkling altar of Nemelex Xobeh.
 32932 | Depths:2 | Noticed a tentacled monstrosity
 32951 | Depths:2 | Killed a tentacled monstrosity
 33234 | Depths:2 | Noticed a tentacled monstrosity
 33246 | Depths:2 | Killed a tentacled monstrosity
 33251 | Depths:2 | Reached XP level 19. HP: 115/185 MP: 30/30
 33755 | Depths:2 | Noticed a tentacled monstrosity
 33759 | Depths:2 | Noticed a juggernaut
 33766 | Depths:2 | Killed a tentacled monstrosity
 33780 | Depths:2 | Killed a juggernaut
 34296 | Depths:2 | Noticed a caustic shrike
 34306 | Depths:2 | Killed a caustic shrike
 35038 | Depths:2 | Noticed a juggernaut
 35060 | Depths:2 | Killed a juggernaut
 36183 | Depths:3 | Noticed a tentacled monstrosity
 36199 | Depths:3 | Killed a tentacled monstrosity
 36224 | Depths:3 | HP: 3/185 [vampire knight/+0 great mace (13)]
 36228 | Depths:3 | Mangled by a vampire knight

Illustrated notes

Levels and vault maps discovered:
D:1:      scummos_arrival_hexagon, layout_loops_ring
D:2:      layout_rooms
D:3:      layout_loops_ring, lemuel_round_altar,
          mainiacjoe_overflow_tiny_flanked, nicolae_ecumenical_oubliette,
          serial_shops, nicolae_shop_tiny_real_fake_doors, feat_on_display,
          uniq_grinder
D:4:      layout_loops_ring, lemuel_round_altar,
          nicolae_gozag_cash_rules_everything_around_me,
          nicolae_ossuary_entry_ruins, eino_curves_04, uniq_pikel
D:5:      layout_rooms, slow_altar_2, serial_shops, shop, dreamdust_gnoll_farm
D:6:      minmay_opposing_rooms, layout_basic, minmay_temple_entry_tees,
          minmay_mini_ossuary
D:7:      layout_basic, nicolae_hepliaklqana_monster_ancestors,
          mainiacjoe_overflow_six_doors_small, mainiacjoe_overflow_alcove_2
D:8:      layout_loops_cross, mainiacjoe_overflow_alcove_4, vehumet_crystals,
          elyvilon_altar_4
D:9:      kb_forest_paths, layout_small_grid,
          grunt_temple_overflow_growth_and_decay, lemuel_crystal_altar,
          kennysheep_mini_moat, lair_entry_dummy
D:10:     layout_irregular_city, okawaru_altar_gauntlet_db, enter_trove_1,
          corner_web_ring
D:11:     layout_long_grid
D:12:     layout_basic, orc_0_dummy, uniq_fannar
D:13:     layout_rooms, david_vaults_4, serial_shops, nicolae_stop_n_shop_1,
          nrook_loot_triangle, lemuel_zombie_altar_kikubaaqudgha
D:14:     layout_loops_ring, tso_altar, kennysheep_generic_room_2
D:15:     gammafunk_depths_entry_grave, layout_loops_cross,
          minmay_misc_feat_roman, tgw_fedhas, uniq_rupert
Lair:1:   layout_layer_cave, grunt_forest_large_clearings
Lair:2:   layout_gridlike, minmay_shoals_entry_centaurs,
          minmay_snake_entry_spellcaster
Lair:3:   layout_regular_city, grunt_megastairs_4, uniq_kirke
Lair:4:   pond_and_an_island_with_a_cottage, layout_gridlike,
          gammafunk_ghost_grave, serial_bayou_pond_c
Lair:5:   guppyfry_lair_end_dragon, layout_long_grid,
          hangedman_lair_tendril_chambers, minmay_slime_entry_jelly_boxes,
          gammafunk_lair_bear_cave
Orc:1:    layout_caves, enter_volcano_4, mines2_david
Orc:2:    st_orc_congregation, layout_caves, serial_shops,
          nicolae_shop_back_alley_shop, uniq_josephine
Elf:1:    eino_elf_arrival_shootout, layout_loops_corners, serial_shops,
          nicolae_shop_drivethru, shop, shop, shop, shop,
          minmay_elf_annihilation, nicolae_elf_glass_and_crystal_pillar_1,
          dreamdust_mushroom_princess, st_stairs_3, uniq_azrael
Elf:2:    elven_hall_of_blades_hangedman_original [grunt_blade_entry_basic],
          layout_geoelf_diagonals, basic_altar, uniq_norris
Elf:3:    minmay_elf_hall, layout_onion_city
Depths:1: layout_cave_pools, nicolae_water_bricks, serial_shops,
          nicolae_shop_hallway_plus, nicolae_hell_entry_hellmouth_sunbeams,
          hangedman_aerie_drop
Depths:2: hangedman_slaughterboxes, hell_entry, pan_entry, uniq_asterion
Depths:3: nzn_winding_woodlands_stair_cross [nzn_winding_woodlands_5x15_eye,
          nzn_winding_woodlands_center_lodge, nzn_winding_woodlands_5x15_parted,
          nzn_winding_woodlands_5x5_default, nzn_winding_woodlands_5x5_cross,
          nzn_winding_woodlands_5x15_pool,
          nzn_winding_woodlands_center_diamonds,
          nzn_winding_woodlands_5x15_sawtooth], layout_twisted_cross,
          hellmonk_ghost_time_enough, hell_entry, serial_glass, glass_columns_a,
          glass_columns_c, glass_columns_b, glass_columns_a, glass_columns_a,
          glass_columns_b, glass_columns_c, glass_columns_a, glass_columns_a,
          glass_columns_b, abyss_entry_small_statue_room,
          corexii_hall_statues_u, led_sif_pool, uniq_parghit

Skill      XL: |  1  2  3  4  5  6  7  8  9 10 11 12 13 14 15 16 17 18 19 |
---------------+----------------------------------------------------------+-----
Fighting       | 1 2 4 5 9 10 16 19 20 | 20.0
Unarmed Combat | 1 2 4 5 7 10 13 15 17 20 | 20.0
Invocations    | 7 10 15 | 15.0
Armour         | 7 10 13 | 13.8
Dodging        | 9 10 | 10.0
Shields        | 5 7 8 |  8.4
Stealth        | |  2.1
Spellcasting   | |  1.7
Summonings     | |  3.6

Action                     |  1- 3 |  4- 6 |  7- 9 | 10-12 | 13-15 | 16-18 | 19-21 || total
---------------------------+-------+-------+-------+-------+-------+-------+-------++-------
  Melee: Unarmed           |   137 |   120 |   336 |   605 |  1593 |  1430 |   400 ||  4621
         Punch             |     1 |     2 |    19 |    49 |    84 |       |       ||   155
   Cast: Summon Small Mamm |       |     1 |       |       |       |       |       ||     1
 Invoke: Grand Finale      |       |       |       |       |     1 |     4 |     1 ||     6
  Evoke: Wand              |       |     1 |     1 |     7 |     7 |     1 |       ||    17
         Lightning rod     |       |       |       |     3 |     4 |     4 |       ||    11
    Use: Scroll            |       |       |    13 |    10 |     8 |     9 |     2 ||    42
         Potion            |       |       |       |       |     5 |    11 |     3 ||    19
   Stab: Paralysed         |       |     9 |    14 |    35 |   100 |   124 |    50 ||   332
         Invisible         |       |       |       |       |       |     3 |       ||     3
         Fleeing           |       |       |       |       |       |     1 |       ||     1
 Armour: Robe              |    36 |       |       |       |       |       |       ||    36
         Ring mail         |    54 |    29 |       |       |       |       |       ||    83
         Chain mail        |       |    58 |   213 |       |       |       |       ||   271
         Plate armour      |       |       |     5 |   594 |  1475 |  1282 |   314 ||  3670
  Dodge: Dodged            |    79 |    46 |    93 |   135 |   453 |   284 |    65 ||  1155
  Block: Buckler           |       |       |       |       |   111 |   192 |    87 ||   390
         Kite shield       |       |       |       |       |       |    29 |       ||    29
